 Dungeon Crawl Stone Soup version 0.17.1-2-g5865329 (webtiles) character file.

232 Jerry the Ducker (level 6, 0/42 HPs)
             Began as an Octopode Warper on Jan 29, 2016.
             Slain by Clownie's ghost (9 damage)
             ... on level 4 of the Dungeon.
             The game lasted 00:18:29 (3634 turns).

Jerry the Ducker (Octopode Warper)                  Turns: 3634, Time: 00:18:29

Health: 0/42       AC:  1    Str: 11    XL:     6   Next: 4%
Magic:  8/9        EV: 13    Int: 20    God:
Gold:   188        SH:  0    Dex: 13    Spells: 2 memorised, 6 levels left

rFire  + . .     SeeInvis .     q - +2 flail (pain)
rCold  + . .     Clarity  .     (no shield)
rNeg   . . .     SustAt   .     (helmet restricted)
rPois  +         Gourm    .     (no amulet)
rElec  +         Spirit   .     (no ring)
rCorr  +         Warding  .     (no ring)
rMut   .         Stasis   .     (no ring)
MR     .....                    (no ring)
Stlth  +++.......               (no ring)
                                (no ring)
                                (no ring)
                                (no ring)

@: brilliant, resistant, very slightly contaminated, invisible, not resistant to
hostile enchantments, fairly stealthy
A: almost no armour, amphibious, 8 rings, constrict 8, camouflage 1, gelatinous
body 1
a: no special abilities


You were on level 4 of the Dungeon.
You were not hungry.

You visited 2 branches of the dungeon, and saw 5 of its levels.

You collected 188 gold pieces.

Inventory:

Hand Weapons
 a - a +0 mace
 n - a +0 whip
 q - a +2 flail of pain (weapon)
 y - a +0 quarterstaff of holy wrath
Missiles
 d - 5 tomahawks of dispersal (quivered)
 r - 122 stones
Magical Staves
 x - an uncursed staff of conjuration
Scrolls
 c - a scroll of blinking
 f - 2 scrolls of enchant weapon {unknown}
 g - a scroll of teleportation {unknown}
 h - a scroll of remove curse {unknown}
 j - 3 scrolls of enchant armour {unknown}
 k - a scroll of random uselessness {unknown}
 m - 3 scrolls of recharging {unknown}
 o - 2 scrolls of identify {unknown}
Potions
 i - a potion of curing
 z - a potion of magic {unknown}
Books
 b - a book of Spatial Translocations

   Spells                             Type                      Level
   a - Apportation                    Translocation                1
   b - Blink                          Translocation                2
   c - Shroud of Golubria             Charms/Translocation         2
   d - Portal Projectile              Translocation                3
   e - Teleport Other                 Translocation                3
   f - Passage of Golubria            Translocation                4
Comestibles
 e - 4 bread rations
 l - 4 meat rations
 t - 10 fruits
 w - a chunk of flesh


   Skills:
 - Level 3.0 Fighting
 + Level 3.3 Maces & Flails
 - Level 1.0 Throwing
 + Level 3.7 Dodging
 - Level 2.0 Stealth
 - Level 2.0 Spellcasting
 + Level 2.6 Charms
 - Level 3.0 Translocations


You had 6 spell levels left.
You knew the following spells:

 Your Spells              Type           Power        Failure   Level  Hunger
a - Apportation           Tloc           ####......   1%          1    #......
b - Shroud of Golubria    Chrm/Tloc      ####......   1%          2    ##.....


Dungeon Overview and Level Annotations

Branches:
Dungeon (4/15)             Temple (1/1) D:4

Altars:
Dithmenos
Fedhas
Gozag
Kikubaaqudgha
Makhleb
Nemelex Xobeh
Okawaru
Ru
Trog
Vehumet
Yredelemnul

Annotations:
D:4 Clownie's ghost, novice NaWz


Innate Abilities, Weirdness & Mutations

You cannot wear most types of armour.
You are amphibious.
You can wear up to eight rings at the same time.
You can use your tentacles to constrict eight enemies at once.
Your skin changes colour to match your surroundings (Stealth).
Your rubbery body absorbs attacks (AC +1).


Message History

You feel clever all of a sudden. Clownie's ghost closely misses you.
Drink which item? (? for menu, Esc to quit)
It was a potion of resistance.
You feel protected. Clownie's ghost closely misses you.
Drink which item? (? for menu, Esc to quit)
It was a potion of invisibility.
You fade into invisibility!
Clownie's ghost mumbles some strange words.
You are very lightly contaminated with residual magic.
You hit Clownie's ghost but do no damage.
Your squeeze misses Clownie's ghost.
Clownie's ghost screams, "They lied to you.
The Dungeon just goes down and down forever."
Clownie's ghost closely misses you. Clownie's ghost barely misses you.
You hit Clownie's ghost.
Clownie's ghost is lightly damaged.
Your shroud unravels.
Clownie's ghost hits you!
You die...

#.# ##.##..... #.#
#..#..... #.# ##.#.....
#.# #....... #.#
##......
#####.##########.....)
#....55.ยง........>....
#.###W#############.##
#..@....# #.# #.#...#.#
#.# #.#.#.# #.# # #...#
#.# #.### #.# #.# #.#
#.# #.# #.. #.# #.##


You could see Clownie's ghost, a crimson imp (wandering) and a shadow imp.

Vanquished Creatures
  An orc priest (D:3)
  2 hounds (D:4)
  A worker ant (D:3)
  5 adders
  3 oozes
  5 worms
  A giant gecko (D:2)
  4 orcs
  A ball python (D:3)
  7 bats
  5 goblins
  5 hobgoblins
  2 jackals (D:1)
  A quokka (D:2)
  3 giant cockroaches
  4 giant newts
  8 kobolds
  A quokka skeleton (D:4)
  11 rats
70 creatures vanquished.

Notes
Turn   | Place    | Note
--------------------------------------------------------------
     0 | D:1      | Jerry the Octopode Warper began the quest for the Orb.
     0 | D:1      | Reached XP level 1. HP: 14/14 MP: 3/3
   207 | D:1      | Reached XP level 2. HP: 13/20 MP: 5/5
   374 | D:1      | Reached skill level 1 in Stealth
   978 | D:1      | Reached XP level 3. HP: 16/25 MP: 6/6
  1262 | D:2      | Learned a level 2 spell: Shroud of Golubria
  1326 | D:2      | Found a sparkling altar of Nemelex Xobeh.
  1327 | D:2      | Found an opulent altar of Gozag.
  2070 | D:2      | Reached XP level 4. HP: 31/31 MP: 7/7
  2088 | D:3      | Reached skill level 1 in Charms
  2256 | D:3      | Found a shadowy altar of Dithmenos.
  2287 | D:3      | Found a faded altar to an unknown god.
  2294 | D:3      | Reached XP level 5. HP: 27/36 MP: 8/8
  2937 | D:4      | Found a basalt altar of Yredelemnul.
  2951 | D:4      | Found a staircase to the Ecumenical Temple.
  2988 | Temple   | Entered the Ecumenical Temple
  3489 | D:4      | Reached XP level 6. HP: 37/42 MP: 6/9
  3608 | D:4      | Noticed Clownie's ghost (novice NaWz)
  3634 | D:4      | Slain by Clownie's ghost

Action                   |  1- 3 |  4- 6 || total
-------------------------+-------+-------++-------
Melee: Mace              |    85 |       ||    85
       Whip              |    11 |     6 ||    17
       Flail             |       |    65 ||    65
 Cast: Shroud of Golubri |       |    11 ||    11
  Use: Potion            |       |     5 ||     5
 Stab: Sleeping          |    19 |     6 ||    25
  Eat: Chunk             |     3 |     6 ||     9
